Map: Ascension to Aiur LE

Players

Boo

  • Race: Zerg Zerg
  • Spawn Location: 5:00

JonSnow - Winner!

  • Race: Zerg Zerg
  • Spawn Location: 11:00

Event: WCS Montreal 2017

VOD

Have the link to the VOD?

Description

Time

  • Played on: Sept. 8, 2017, 12:26 p.m.
  • Length: 4:11

All games in this series

Show
View Real Time Build Order
Export as new Build Order

Boo Zerg 

Build Orders: Hatch First 

Get SALT Encoding   

  12  0:00  Drone  
  13  0:16  Overlord  
  13  0:18  Drone  
  14  0:34  Drone x2  
  16  0:38  Drone  
  17  0:52  Hatchery  
  17  0:56  Drone  
  17  1:00  Drone  
  17  1:04  Extractor  
  17  1:16  Spawning Pool  
  17  1:18  Drone  
  17  1:29  Drone  
  18  1:34  Drone  
  19  1:44  Overlord  
  20  1:54  Drone  
  20  2:04  Queen  
  20  2:07  Lair  
  22  2:09  Zergling x4  
  22  2:15  Drone  
  25  2:17  Drone  
  26  2:26  Drone x2  
  28  2:33  Spine Crawler  
  27  2:37  Drone x2  
  29  2:44  Queen  
  29  2:48  Drone x2  
  33  2:58  Overlord  
  33  3:00  Evolution Chamber  
  33  3:01  Drone, Evolution Chamber  
  32  3:11  Infestation Pit  
  31  3:19  Roach Warren  
  28  3:22  Queen  
  28  3:24  Zergling x2  
  28  3:25  Zergling x2  
  32  3:31  Zergling x4  
  32  3:36  Zergling x4  
  23  3:50  Zergling x2  
Show
View Real Time Build Order
Export as new Build Order

JonSnow Zerg - Winner!

Build Orders: Pool First 

Get SALT Encoding   

  12  0:00  Drone  
  13  0:13  Overlord  
  13  0:17  Drone  
  14  0:31  Drone x2  
  14  0:34  Drone  
  17  0:45  Extractor  
  17  0:46  Spawning Pool  
  15  0:50  Drone  
  15  0:56  Drone  
  17  1:07  Drone  
  18  1:20  Hatchery  
  17  1:32  Queen  
  17  1:34  Zergling x2  
  17  1:38  Zergling x2  
  21  1:45  Metabolic Boost  
  21  1:53  Drone  
  22  2:02  Overlord  
  22  2:07  Baneling Nest  
  21  2:19  Queen, Zergling x2  
  21  2:21  Zergling x2  
  25  2:26  Zergling x2  
  26  2:33  Zergling x4  
  28  2:45  Zergling x8  
  28  2:50  Baneling  
  28  2:51  Baneling x2  
  32  2:52  Baneling  
  32  3:01  Zergling x4  
  34  3:08  Drone x2  
  36  3:19  Baneling x2  
  35  3:33  Drone x4  
  35  3:41  Zergling x4  
  35  3:50  Zergling x2  
Tags
 
Add a new tag
Caveats
  • Supply blocks, unpowered buildings, or Contaminate may cause inaccurate times.
  • Supply counts are checked every 10 seconds.